Map: Shrines of Lizul

Players

BaoTsetung - Winner!

  • Race: Zerg Zerg
  • League: Diamond
  • Spawn Location: 3:00

HaniBunny - Winner!

  • Race: Terran Terran
  • Spawn Location: 12:00

Deathdealer

  • Race: Terran Terran
  • Spawn Location: 6:00

KillemAll

  • Race: Terran Terran
  • League: Gold
  • Spawn Location: 9:00

VOD

Have the link to the VOD?

Description

Starts out as 2v2 TTvTZ, turns into 2v1 after early marine rush. But the last player doesn't give up and comes back to avenge the fallen teammate.

Time

  • Played on: April 30, 2017, 3:54 a.m.
  • Length: 30:48
Show
View Real Time Build Order
Export as new Build Order

BaoTsetung Zerg - Winner!

Build Orders: Hatch First, Zergling Baneling 

Get SALT Encoding   

  12  0:01  Drone  
  13  0:12  Overlord  
  13  0:17  Drone  
  14  0:31  Drone x2  
  16  0:39  Drone  
  17  1:00  Hatchery, Drone x2  
  18  1:15  Extractor  
  18  1:16  Spawning Pool  
  16  1:19  Drone  
  16  1:21  Drone  
  18  1:28  Drone  
  19  1:41  Overlord  
  19  2:03  Queen  
  19  2:05  Zergling x4  
  23  2:12  Queen  
  25  2:17  Metabolic Boost  
  25  2:20  Zergling x4  
  27  2:23  Zergling x2  
  27  2:24  Zergling x2  
  29  2:35  Zergling x4  
  31  2:41  Queen  
  33  2:44  Overlord  
  33  2:54  Baneling Nest  
  33  2:58  Drone x2  
  34  3:04  Overlord  
  34  3:11  Overlord  
  32  3:31  Zergling x12  
  38  3:43  Evolution Chamber  
  38  3:46  Queen  
  30  4:04  Baneling x6  
  30  4:30  Zergling x2  
  28  4:33  Overlord x3  
  28  4:39  Spine Crawler  
  28  4:42  Spine Crawler  
  26  4:51  Baneling x2  
  26  4:52  Spine Crawler  
  25  5:09  Zergling x10  
  25  5:10  Zergling x2  
  31  5:33  Zergling x12  
  37  5:37  Baneling x2  
  33  6:05  Zergling x10  
  33  6:06  Zergling x2  
  30  6:28  Baneling x8  
  30  6:35  Lair  
  25  6:47  Zergling x2  
  25  6:48  Zergling x10  
  31  6:55  Drone  
  31  6:56  Drone  
  33  7:04  Baneling x2  
  33  7:08  Burrow  
  33  7:14  Drone x2  
  35  7:24  Zergling x6  
  38  7:36  Centrifical Hooks  
  39  7:44  Zergling x8  
  42  8:07  Drone x4  
  42  8:08  Drone x2  
  41  8:34  Zergling x16  
  41  8:35  Zergling x8  
  52  8:42  Spire  
  52  8:44  Drone  
  52  8:46  Overlord  
  52  8:57  Baneling x5  
  52  8:58  Baneling x4  
  52  9:14  Drone x5  
  52  9:15  Drone  
  58  9:22  Baneling  
  58  9:23  Baneling x5  
  58  9:26  Drone x2  
  58  9:27  Extractor  
  58  9:30  Extractor  
  58  9:32  Overlord  
  58  9:34  Overlord  
  58  10:06  Overlord x2  
  58  10:11  Hatchery, Baneling, Drone x2  
  58  10:12  Drone x2  
  61  10:15  Zerg Melee Weapons Level 1  
  43  10:36  Zergling x20  
  43  10:37  Zergling x4  
  52  11:08  Drone x3, Extractor  
  54  11:17  Baneling x10  
  54  11:18  Baneling x12  
  56  11:24  Drone, Queen  
  57  11:42  Spine Crawler  
  56  11:49  Mutalisk x3  
  62  12:12  Drone x3  
  63  12:16  Mutalisk  
  63  12:17  Mutalisk x2  
  63  12:22  Zergling x2  
  70  12:23  Zergling x22  
  79  12:48  Queen  
  81  12:51  Mutalisk  
  81  12:52  Mutalisk x2  
  81  12:55  Zergling x2  
  81  12:56  Zergling x8  
  92  13:11  Drone x3  
  92  13:12  Drone, Overlord x2  
  93  13:33  Mutalisk x5  
  95  13:59  Mutalisk  
  95  14:00  Mutalisk x2  
  65  14:19  Zergling x24  
  65  14:20  Zergling x6  
  65  14:23  Queen  
  68  14:55  Mutalisk x6  
  68  14:58  Zergling x10  
  68  14:59  Zergling x2  
  85  15:07  Extractor  
  85  15:08  Queen  
  86  15:15  Zergling x12  
  92  15:30  Zergling x2  
  92  15:31  Zergling x12  
  92  15:33  Baneling  
  92  15:34  Baneling x9  
  99  15:58  Corruptor  
  99  15:59  Corruptor x2  
  99  16:02  Extractor  
  104  16:13  Zergling x2  
  104  16:14  Hatchery, Zergling x12  
  104  16:16  Overlord  
  106  16:49  Drone x3, Infestation Pit  
  106  16:50  Drone x3  
  106  16:52  Corruptor x3  
  117  17:00  Overlord x2  
  117  17:34  Hive  
  117  17:38  Zerg Ground Armor Level 1  
  115  17:48  Pathogen Glands  
  115  17:55  Overlord, Corruptor  
  115  17:56  Corruptor x2  
  115  17:57  Corruptor x3  
  115  18:18  Overseer  
  115  18:21  Pneumatized Carapace  
  115  18:34  Evolution Chamber  
  114  18:42  Queen  
  109  19:24  Zerg Melee Weapons Level 2  
  109  19:27  Drone x2, Ultralisk Cavern  
  110  19:44  Drone x2  
  110  19:45  Drone x3  
  115  19:46  Extractor  
  115  19:47  Zerg Ground Armor Level 2, Extractor  
  115  19:50  Zergling x2  
  115  19:51  Zergling x8  
  118  19:53  Infestor x4  
  126  20:04  Overlord x2  
  126  20:15  Chitinous Plating  
  126  20:24  Overlord x2  
  126  20:36  Baneling x6  
  126  20:37  Baneling x4  
  126  21:12  Ultralisk  
  126  21:13  Ultralisk x3  
  126  21:15  Zergling x2  
  126  21:16  Zergling x16  
  159  21:45  Zerg Melee Weapons Level 3  
  153  22:12  Roach Warren  
  146  22:17  Ultralisk x2  
  146  22:19  Ultralisk  
  164  22:30  Drone x3  
  167  22:38  Overseer  
  167  22:50  Zerg Ground Armor Level 3  
  167  22:58  Glial Reconstitution  
  115  23:47  Zergling x16  
  115  23:48  Zergling x22  
  120  24:12  Greater Spire  
  120  24:17  Tunneling Claws  
  117  24:42  Adrenal Glands  
  117  24:56  Hatchery  
  107  25:38  Brood Lord  
  107  25:39  Brood Lord x7  
  123  26:06  Queen  
  123  26:07  Queen x3  
  123  26:10  Queen  
  110  27:43  Corruptor x13  
  124  28:20  Zergling x14  
  124  28:21  Zergling x14  
  138  28:35  Zergling x24  
  143  29:37  Hatchery  
  138  29:44  Overseer x2  
  138  30:16  Overlord  
  138  30:17  Overlord x3  
  138  30:21  Brood Lord x2  
  138  30:22  Brood Lord x4  
  150  30:28  Zergling x2  
  150  30:29  Zergling x8  
Show
View Real Time Build Order
Export as new Build Order

HaniBunny Terran - Winner!

Build Orders:  

Get SALT Encoding   

  12  0:02  SCV  
  13  0:14  SCV  
  13  0:21  Supply Depot  
  14  0:38  SCV  
  14  0:42  Refinery  
  15  0:49  Barracks  
  15  0:50  SCV  
  16  1:02  SCV  
  17  1:14  SCV  
  17  1:18  Supply Depot  
  18  1:26  SCV  
  18  1:30  Refinery  
  19  1:38  SCV  
  20  1:46  Barracks Tech Lab  
  20  1:49  Barracks  
  20  1:50  SCV  
  21  2:02  SCV, Factory  
  22  2:14  SCV  
  23  2:26  SCV  
  24  2:50  Barracks Reactor  
  24  2:52  Command Center  
  24  2:55  Starport  
  24  2:57  Factory Tech Lab  
  24  3:01  SCV  
  25  3:09  Barracks  
  25  3:28  Marine  
  25  3:29  Marine x2  
  28  3:34  Supply Depot  
  28  3:35  Combat Shields  
  28  3:44  Orbital Command  
  28  3:46  Marine  
  29  3:48  Starport Reactor  
  29  3:54  Marine  
  29  3:55  Marine  
  23  4:21  Marine x3  
  13  4:38  Marine  
  13  4:39  Marine  
  1  5:12  Orbital Command  
  1  5:17  Barracks  
Show
View Real Time Build Order
Export as new Build Order

Deathdealer Terran 

Build Orders:  

Get SALT Encoding   

  12  0:02  SCV  
  14  0:14  SCV  
  14  0:20  Supply Depot  
  14  0:32  Supply Depot, SCV  
  15  0:44  SCV  
  16  0:50  Barracks  
  16  1:01  Barracks  
  16  1:06  SCV  
  17  1:23  SCV  
  18  1:30  Barracks  
  18  1:36  Barracks  
  18  1:59  Supply Depot  
  18  2:00  Marine  
  19  2:06  Barracks  
  19  2:12  Marine  
  20  2:17  Marine  
  20  2:18  Marine  
  22  2:29  Engineering Bay  
  22  2:30  Marine  
  22  2:32  Orbital Command  
  22  2:35  Marine  
  24  2:40  Marine  
  24  2:42  Marine  
  26  3:07  Marine x4  
  26  3:08  Marine  
  31  3:17  Missile Turret  
  31  3:25  Marine x3  
  34  3:43  Marine x3  
  34  3:44  Marine x2  
  39  4:01  Marine x2  
  33  4:47  Marine  
  33  4:48  Marine x4  
  38  4:54  Refinery  
  38  5:00  Command Center  
  38  5:03  Refinery  
  38  5:05  Marine x2  
  38  5:06  Marine x3  
  43  5:23  Marine x2  
  43  5:24  Marine x2  
  32  6:49  Marine x5  
  37  7:06  Marine  
  37  7:07  Marine x4  
  42  7:24  Marine x2  
  42  7:27  Factory  
  44  7:33  Command Center  
  44  7:39  Planetary Fortress  
  25  8:26  Marine  
  25  8:27  Marine x3  
  22  8:28  Reaper  
  22  8:30  Factory Tech Lab  
  26  8:37  Starport  
  26  8:44  Reaper  
  26  8:45  Reaper x2  
  26  8:48  SCV  
  30  8:52  Siege Tank  
  30  8:54  Refinery  
  33  9:00  SCV  
  34  9:12  SCV  
  35  9:38  Starport Reactor  
  35  9:42  Siege Tank  
  38  9:45  Marine x2  
  38  9:46  Marine x3  
  43  10:03  Marine x3  
  43  10:04  Marine x2  
  43  10:06  Refinery  
  48  10:09  SCV  
  50  10:21  SCV, Marine x3  
  50  11:06  Liberator x2  
  50  11:11  Missile Turret  
  50  11:19  Orbital Command  
  56  11:32  SCV  
  57  11:44  SCV  
  58  11:49  Liberator  
  58  11:56  SCV  
  61  12:10  Missile Turret  
  60  12:28  Marine x5  
  65  12:45  Marine  
  65  12:46  Marine x4  
  65  12:48  Command Center  
  70  13:03  Marine x2  
  70  13:04  Marine  
  36  14:08  Missile Turret  
  36  14:10  Liberator x2  
  30  14:28  Missile Turret  
  36  14:33  Missile Turret  
  36  14:39  Marine x4  
  36  14:40  Marine  
  37  14:53  Liberator x2  
  43  15:16  Starport  
  43  15:31  Marine x5  
  43  15:35  Liberator, Widow Mine  
  48  15:36  Liberator  
  50  15:48  Marine  
  50  15:49  Marine x3  
  59  16:04  Widow Mine  
  61  16:18  Liberator x2  
  61  16:22  Starport Reactor  
  61  16:32  Widow Mine  
  69  16:41  SCV  
  70  16:54  SCV  
  71  17:06  Missile Turret  
  71  17:12  Marine x5  
  71  17:13  Liberator x2  
  76  17:30  Marine x3  
  76  17:36  Orbital Command  
  85  17:56  Liberator x2  
  60  18:32  Widow Mine  
  62  18:39  Marine x2  
  62  18:40  Marine x3  
  67  18:57  Marine x3  
  67  18:58  Marine x2  
  67  19:00  Widow Mine  
  72  19:15  Reaper, Marine x2  
  55  19:29  Widow Mine, Barracks Tech Lab  
  56  19:45  SCV  
  57  19:57  SCV  
  57  19:58  Widow Mine, Viking  
  57  19:59  Viking x3  
  68  20:05  Stimpack  
  68  20:08  Barracks Reactor  
  68  20:09  SCV  
  68  20:13  Barracks Tech Lab  
  69  20:20  Barracks Reactor  
  70  20:21  SCV  
  70  20:24  Refinery  
  70  20:26  Widow Mine  
  72  20:28  Viking  
  72  20:29  Viking x3  
  72  20:30  Terran Infantry Weapons Level 1  
  80  20:52  Combat Shields  
  80  20:57  Barracks Reactor  
  80  20:58  Viking  
  80  20:59  Viking x2  
  85  21:22  Refinery  
  85  21:28  Marauder  
  85  21:29  Marine x4, Marauder  
  93  21:55  Marauder  
  93  22:15  Supply Depot  
  93  22:20  Supply Depot  
  93  22:23  Supply Depot  
  93  22:30  Supply Depot  
  93  22:33  Terran Infantry Armor Level 1  
  93  22:36  Medivac x4  
  101  22:42  Marauder, Marine x5  
  108  22:55  Armory  
  108  22:59  Marine x4  
  108  23:00  Marine x2, Marauder  
  108  23:04  Marauder  
  118  23:06  Medivac  
  118  23:07  Medivac x2  
  124  23:13  Medivac  
  124  23:15  Supply Depot  
  124  23:17  Supply Depot, Marine x4  
  124  23:18  Marine x2  
  132  23:21  Marauder  
  132  23:24  Marine  
  49  23:57  Marauder x2  
  49  23:58  Marine x2  
  49  23:59  Marine x2  
  48  24:19  Marauder  
Show
View Real Time Build Order
Export as new Build Order

KillemAll Terran 

Build Orders:  

Get SALT Encoding   

  12  0:02  SCV  
  13  0:17  SCV  
  14  0:27  Supply Depot  
  14  0:30  SCV  
  15  0:49  SCV  
  16  0:50  Barracks  
  16  0:57  Supply Depot  
  16  1:01  SCV  
  17  1:07  Barracks  
  17  1:24  Barracks  
  17  1:30  Barracks  
  17  1:42  Barracks  
  17  1:44  Marine  
  18  1:54  SCV  
  18  1:55  Marine  
  20  2:04  Refinery  
  20  2:06  Marine  
  21  2:13  Marine  
  21  2:14  Marine  
  23  2:17  Marine  
  24  2:24  Supply Depot  
  24  2:30  Marine x2  
  26  2:40  Supply Depot  
  26  3:07  Marine x3  
  26  3:08  Marine x2  
  31  3:25  Marine x4  
  31  3:26  Marine  
  36  3:43  Marine x5  
  36  3:48  Supply Depot  
  40  4:00  Marine  
  40  4:01  Marine x3  
  44  4:06  Marine  
  44  4:18  Marine x2  
  44  4:19  Marine x2  
  39  4:53  Marine x2  
  39  4:54  Marine x3  
  44  5:11  Marine x4  
  44  5:12  Marine  
  49  5:29  Marine x5  
  54  5:47  Marine  
  54  5:49  Marine  
  55  5:51  Marine, Factory  
  55  5:52  Marine  
  55  6:17  Orbital Command  
  55  6:21  Supply Depot  
  55  6:23  Supply Depot  
  55  6:24  Marine  
  55  6:39  Marine  
  55  6:42  Marine  
  36  6:47  Supply Depot  
  36  6:57  Marine  
  37  7:22  Marine x3  
  37  7:23  Marine x2  
  42  7:31  Command Center  
  42  7:40  Marine x4  
  42  7:41  Marine  
  47  7:58  Marine  
  48  8:05  Marine x3  
  48  8:06  Marine  
  52  8:16  Marine  
  52  8:22  Supply Depot  
  52  8:23  Marine x4  
  54  8:33  Marine  
  54  8:41  Marine  
  54  8:42  Marine x3  
  58  8:51  Marine  
  59  8:59  Marine  
  59  9:00  Marine x3  
  63  9:13  Factory Tech Lab  
  63  9:19  Starport  
  63  9:22  Marine x4  
  67  9:24  Starport  
  67  9:26  SCV  
  68  9:38  SCV  
  68  9:40  SCV  
  68  9:45  Marine x2  
  73  9:58  Orbital Command  
  46  10:48  Medivac  
  48  10:57  Refinery  
  48  10:58  Marine x3  
  48  10:59  Marine x2  
  48  11:04  SCV  
  54  11:10  Refinery  
  54  11:11  Refinery  
  54  11:14  Supply Depot  
  54  11:16  SCV, Marine x4  
  54  11:17  Marine  
  60  11:28  SCV  
  61  11:34  Marine x5  
  66  11:40  SCV  
  67  11:52  SCV  
  67  12:49  Medivac x2  
  71  12:53  Siege Tank  
  71  12:55  Marine x4  
  71  12:56  Marine  
  79  13:01  Liberator  
  79  13:02  Liberator  
  79  13:03  Supply Depot  
  79  13:13  Marine x5  
  89  13:25  Command Center  
  89  13:31  Marine x5  
  85  13:48  Marine  
  85  13:49  Marine x2  
  85  13:50  Marine x2  
  85  13:51  Engineering Bay  
  89  14:06  Liberator x2, Marine x2  
  89  14:07  Marine  
  89  14:08  Marine x2  
  61  14:24  Marine x2  
  61  14:27  Marine  
  59  14:44  SCV  
  59  14:45  Refinery  
  48  14:56  SCV  
  45  15:06  Medivac x2  
  49  15:18  SCV  
  50  15:22  Missile Turret  
  50  15:25  Missile Turret  
  50  15:27  Missile Turret  
  50  15:29  Barracks Reactor x2  
  50  15:30  Barracks Tech Lab, SCV, Barracks Reactor  
  51  15:36  Terran Infantry Weapons Level 1  
  51  15:38  Barracks Tech Lab  
  51  15:40  Engineering Bay  
  50  16:11  Starport Reactor x2  
  50  16:14  Marine  
  50  16:15  Marine x5  
  50  16:16  Marine  
  50  16:18  Terran Infantry Armor Level 1  
  57  16:24  Armory  
  57  16:32  SCV  
  58  16:38  Missile Turret  
  58  16:43  Missile Turret  
  58  16:44  SCV  
  59  16:47  Missile Turret  
  59  16:54  Refinery  
  59  16:56  SCV  
  59  17:00  Missile Turret  
  59  17:06  Viking  
  59  17:08  SCV  
  59  17:09  Marine x3  
  63  17:21  SCV  
  59  17:33  SCV  
  58  17:46  Viking  
  58  17:47  Viking  
  62  17:57  SCV  
  63  18:02  Missile Turret  
  63  18:04  Missile Turret  
  63  18:07  Missile Turret  
  63  18:09  SCV  
  62  18:15  Missile Turret  
  62  18:16  Supply Depot  
  62  18:17  Missile Turret  
  62  18:27  Marine  
  62  18:28  Marine x6  
  62  18:29  Marine  
  70  18:45  Marine x2  
  70  18:46  Marine x3  
  71  19:23  Terran Infantry Weapons Level 2, Terran Infantry Armor Level 2  
  68  19:26  Marine x2  
  68  19:27  Marine  
  68  19:29  Combat Shields  
  68  19:30  Stimpack  
  68  19:32  Marine x5  
  68  19:35  Medivac x2  
  68  19:36  Viking x2  
  81  19:44  Marine x3  
  84  19:49  Marine  
  84  19:50  Marine x4  
  89  19:57  SCV  
  90  20:02  Marine x3  
  93  20:09  SCV  
  91  20:21  SCV  
  92  20:31  Missile Turret  
  92  20:33  SCV  
  93  20:36  Medivac x3  
  93  20:39  Marine x5  
  93  20:40  Marine x3  
  107  20:45  SCV  
  108  20:54  SCV  
  108  20:56  Marine  
  108  20:57  Marine x2  
  112  21:06  SCV  
  113  21:18  SCV  
  114  21:21  Command Center  
  114  21:26  Marine x3  
  114  21:27  Marine x5  
  114  21:30  SCV  
  122  21:44  Marine x4  
  126  22:02  Orbital Command  
  126  22:12  Supply Depot  
  126  22:15  Missile Turret  
  126  22:16  Missile Turret  
  126  22:18  Missile Turret  
  126  22:19  Terran Infantry Weapons Level 3  
  126  22:20  Hi-Sec Auto Tracking  
  126  22:36  Refinery  
  126  22:48  Missile Turret  
  126  22:50  Missile Turret  
  126  22:51  Planetary Fortress  
  126  22:55  Missile Turret  
  126  22:59  Missile Turret  
  126  23:05  Missile Turret  
  126  23:10  Missile Turret  
  126  23:20  Refinery  
  126  23:25  Supply Depot  
  126  23:30  Terran Infantry Armor Level 3, Marine  
  126  23:31  Marine x5  
  126  23:32  Marine  
  50  24:14  Marine x2  
  50  24:15  Marine x6  
  56  24:32  Marine x3  
  56  24:33  Marine x5  
  48  24:50  Marine x2  
  46  25:09  Marine x4  
  46  25:10  Marine x2  
  51  25:15  Medivac x3  
  57  25:26  Medivac  
  57  25:27  Marine x5  
  57  25:28  Marine  
  65  25:29  Marine x2  
  67  25:45  Medivac x3, Marine x6  
  67  25:47  Marine x2  
  81  25:56  Medivac  
  83  26:02  Marine  
  84  26:15  Medivac  
  86  26:19  Siege Tank  
  86  26:22  Marine x2  
  86  26:23  Marine x6  
  97  26:27  Viking x3  
  102  26:40  Marine  
  102  26:45  Viking  
  105  26:51  Siege Tank  
  108  26:57  Viking x3  
  45  27:23  Siege Tank  
  42  27:54  Marine x3  
  42  27:55  Marine, Marauder x2  
  42  27:56  Marine x2, Siege Tank  
  55  28:11  Marine  
  55  28:12  Marine x2  
  58  28:13  Marine x2  
  58  28:14  Marine  
  58  28:16  Marauder  
  58  28:17  Marauder  
  65  28:25  Viking x4  
  73  28:29  Marine x2  
  73  28:30  Marine  
  73  28:31  Marine x3  
  79  28:37  Marine x2  
  81  28:44  Orbital Command  
  81  28:47  Marine x2  
  77  28:49  Marine  
  77  28:50  Marine x3  
  77  28:55  Viking  
  81  28:56  Marauder x2  
  85  29:05  Marine x2  
  85  29:07  Marine x2  
  85  29:08  Missile Turret, Marine x2  
  91  29:16  Marine  
  86  29:45  Viking x2  
  90  30:23  Marine  
  90  30:24  Marine x2  
Tags
 
Add a new tag
Caveats
  • Supply blocks, unpowered buildings, or Contaminate may cause inaccurate times.
  • Supply counts are checked every 10 seconds.